 Dungeon Crawl Stone Soup version 0.27.0-1-g7a089689b8 (webtiles) character file.

Game seed: 10046741629957001541

12957 robertstho the Cleaver (level 11, -5/153 HPs)
             Began as a Grey Draconian Berserker on Aug 9, 2021.
             Was a High Priest of Trog.
             Succumbed to a black mamba's poison
             ... on level 2 of the Lair of Beasts.
             The game lasted 00:13:36 (14541 turns).

robertstho the Cleaver (Grey Draconian Berserker)  Turns: 14541, Time: 00:13:36

Health: -5/153     AC: 13    Str: 22    XL:     11   Next: 69%
Magic:  20/20      EV: 14    Int:  9    God:    Trog [*****.]
Gold:   379        SH:  5    Dex: 10    Spells: 10/10 levels left

rFire    + . .     SeeInvis .   a - +3 battleaxe (flame)
rCold    x . .     Faith    .   (shield currently unavailable)
rNeg     . . .     Spirit   .   (armour unavailable)
rPois    .         Reflect  +   (helmet restricted)
rElec    .         Harm     .   c - +0 cloak
rCorr    .         Rampage  .   (no gloves)
Will     .....                  (no boots)
Stlth    ..........             p - amulet of reflection
HPRegen  0.35/turn              n - ring of magical power
MPRegen  0.17/turn              s - ring of fire

@: berserking, lethally poisoned (-5 -> -53), very quick
A: AC +12, amphibious, unfitting armour, cold-blooded
a: Renounce Religion, Berserk, Trog's Hand, Brothers in Arms


You were on level 2 of the Lair of Beasts.
You worshipped Trog.
Trog was extremely pleased with you.
You visited 2 branches of the dungeon, and saw 11 of its levels.
You also visited: Sewer.

You collected 515 gold pieces.
You spent 136 gold pieces at shops.

Inventory:

Hand Weapons
 a - a +3 battleaxe of flaming (weapon)
 v - a +0 war axe
 z - a +2 vampiric battleaxe
Missiles
 y - a throwing net (quivered)
Armour
 c - a +0 cloak (worn)
Jewellery
 n - a ring of magical power (left hand)
 o - a ring of positive energy
 p - an amulet of reflection (around neck)
 s - a ring of fire (right hand)
 w - a ring of ice
 B - a ring of magical power
 E - a ring of magical power
Wands
 d - a wand of polymorph (7)
 r - a wand of charming (9)
 x - a wand of iceblast (8)
 C - a wand of paralysis (10)
 D - a wand of acid (9)
 G - a wand of digging (7)
Scrolls
 b - 2 scrolls of enchant weapon
 h - 2 scrolls of teleportation
 i - 3 scrolls of enchant armour
 k - 3 scrolls of fear
 l - 2 scrolls of fog
 t - 2 scrolls of torment
 u - a scroll of magic mapping
Potions
 e - a potion of heal wounds
 f - 3 potions of mutation
 g - 4 potions of haste
 j - 2 potions of might
 m - a potion of curing
 q - a potion of invisibility
 A - a potion of attraction
 F - a potion of flight


   Skills:
 * Level 11.0 Fighting
 + Level 11.4 Axes
 * Level 8.7 Dodging
 * Level 7.6 Stealth
 + Level 1.3 Shields


You had 10 spell levels left.
You didn't know any spells.
Your spell library was empty.

Dungeon Overview and Level Annotations

Branches:
Dungeon (9/15)             Temple (0/1) D:5            Lair (2/6) D:9
  Sewer (visited)
  Swamp: Lair:2-4    Shoals: Lair:2-4     Snake: Lair:2-4    Spider: Lair:2-4
    Orc: D:9-12

Altars:
Ashenzari
Dithmenos
Fedhas
Makhleb
Okawaru
Uskayaw

Shops:
D:2 (   D:5 ![   D:6 ?

Annotations:
D:5 346 hat


Innate Abilities, Weirdness & Mutations

Your dull iron-grey scales are very hard. (AC +12)
You are amphibious.
You cannot fit into any form of body armour.
You are cold-blooded and may be slowed by cold attacks.


Message History

The black mamba bites you!
You are more poisoned.
The black mamba poisons you! The black mamba misses you.
You are too injured to fight recklessly!
You are too injured to fight recklessly!
You are too injured to fight recklessly!
A red film seems to cover your vision as you go berserk!
You feel yourself moving faster!
You feel mighty!
You feel extremely sick. The black mamba bites you!
You are more poisoned.
The black mamba poisons you! The black mamba barely misses you.
You closely miss the black mamba.
Your tail-slap misses the black mamba.
You feel extremely sick. The black mamba bites you!
* * * LOW HITPOINT WARNING * * *
You are lethally poisoned!
The black mamba poisons you!
You miss the black mamba.
* * * LOW HITPOINT WARNING * * *
You feel extremely sick. The black mamba bites you.
* * * LOW HITPOINT WARNING * * *
You are more poisoned.
The black mamba poisons you!
You closely miss the black mamba.
* * * LOW HITPOINT WARNING * * *
You feel extremely sick. The black mamba bites you.
* * * LOW HITPOINT WARNING * * *
The black mamba completely misses you.
You closely miss the black mamba.
* * * LOW HITPOINT WARNING * * *
You feel extremely sick.
The black mamba bites you but does no damage.
Unknown command.
You slice the black mamba!! You burn the black mamba.
Your tail-slap misses the black mamba.
The black mamba is heavily wounded.
You die...

...........##
......##....#
....##.#..#####
...)..##..#...#
......###.....##
...............###
.................##
###..(............#.#
##..............@...#
#..<......>.....S....#
##..................##
#P.................#
#....................
##.................#..
.................#....
#........?........#.##
####.....


You could see a black mamba.

Vanquished Creatures
  Harold (D:8)
  A hydra (Lair:1)
  2 two-headed ogres
  Pikel (D:4)
  3 elephants (Lair:1)
  Joseph (D:7)
  A black mamba (Lair:1)
  Psyche (D:8)
  3 komodo dragons (Lair:1)
  A troll (D:8)
  A polar bear (Lair:1)
  Prince Ribbit (D:8)
  Grinder (D:6)
  A wyvern (Lair:1)
  12 yaks (Lair:1)
  6 water moccasins
  A sky beast (D:6)
  3 orc warriors
  2 ice beasts (D:8)
  4 wolves (D:9)
  An ogre (D:5)
  2 centaurs
  A necrophage (D:6)
  3 phantoms
  A rime drake zombie (D:9)
  2 kobold brigands
  6 bullfrogs
  2 wyvern zombies
  A scorpion (D:4)
  6 killer bees (D:8)
  3 wights (D:9)
  3 howler monkeys
  2 electric eels
  7 hounds
  8 orc priests
  Crazy Yiuf (D:4)
  2 gnoll shamans
  A jelly (D:4)
  A centaur skeleton (D:5)
  5 orc wizards
  5 iguanas
  2 killer bee zombies
  2 hound skeletons
  Robin (D:2)
  2 howler monkey skeletons
  9 adders
  10 gnolls
  3 river rats (D:4)
  2 ufetubi (D:5)
  An adder skeleton (D:4)
  A worm (D:4)
  5 dart slugs
  28 orcs
  5 bats
  9 endoplasms
  7 giant cockroaches
  8 hobgoblins
  13 jackals
  7 quokkas
  16 ball pythons
  7 frilled lizards
  18 goblins
  26 kobolds
  3 rats
295 creatures vanquished.

Vanquished Creatures (others)
  2 fungi (Lair:1)
  8 plants
10 creatures vanquished.

Grand Total: 305 creatures vanquished

Notes
Turn   | Place    | Note
-------+----------+-------------------------------------------
     0 | D:1      | robertstho the Draconian Berserker began the quest for the
                  | Orb.
     0 | D:1      | Reached XP level 1. HP: 19/19 MP: 1/1
   152 | D:1      | Reached XP level 2. HP: 22/26 MP: 2/2
   200 | D:1      | Found a faded altar of an unknown god.
   398 | D:1      | Reached XP level 3. HP: 9/33 MP: 3/3
   714 | D:1      | Reached ** piety under Trog
   870 | D:1      | Reached skill level 1 in Stealth
  1269 | D:2      | You fall into a shaft and drop 1 floor!
  1315 | D:3      | Reached XP level 4. HP: 40/40 MP: 4/4
  1657 | D:3      | Found a shadowy altar of Dithmenos.
  1971 | D:3      | Reached XP level 5. HP: 31/46 MP: 5/5
  2208 | D:3      | You fall into a shaft and drop 1 floor!
  2208 | D:4      | Found a glowing drain.
  2232 | Sewer    | Entered a sewer
  2543 | Sewer    | Reached *** piety under Trog
  3460 | D:4      | Reached XP level 6. HP: 53/53 MP: 6/6
  3689 | D:4      | Noticed Pikel
  3708 | D:4      | Killed Pikel
  3709 | D:4      | Reached skill level 5 in Fighting
  3709 | D:4      | Reached skill level 5 in Axes
  3709 | D:4      | Your scales start taking on a dull iron-grey colour.
  3709 | D:4      | Reached XP level 7. HP: 62/62 MP: 7/7
  3856 | D:4      | Found a blossoming altar of Fedhas.
  3971 | D:4      | Found a runed translucent door.
  3972 | D:4      | Noticed Crazy Yiuf
  4504 | D:4      | Killed Crazy Yiuf
  4981 | D:3      | Reached skill level 5 in Dodging
  4981 | D:3      | Reached XP level 8. HP: 67/70 MP: 8/8
  5171 | D:3      | Reached **** piety under Trog
  5365 | D:2      | Found Defaor Iren's Weapon Shop.
  5478 | D:2      | Noticed Robin
  5492 | D:2      | Killed Robin
  6258 | D:5      | Entered Level 5 of the Dungeon
  6784 | D:5      | Found a hide-covered altar of Uskayaw.
  7134 | D:5      | Found Eklad's Armour Emporium.
  7167 | D:5      | Found a staircase to the Ecumenical Temple.
  7205 | D:5      | Reached ***** piety under Trog
  7240 | D:5      | Found Acoboz's Distillery.
  7418 | D:6      | Found Iptya's Magic Scroll Shop.
  7424 | D:6      | Bought a scroll of identify for 26 gold pieces
  7424 | D:6      | Bought a scroll of noise for 13 gold pieces
  7424 | D:6      | Bought a scroll of identify for 26 gold pieces
  7424 | D:6      | Bought a scroll of identify for 26 gold pieces
  7424 | D:6      | Bought a scroll of fear for 45 gold pieces
  7851 | D:6      | Noticed Grinder
  7860 | D:6      | Paralysed by Grinder for 5 turns
  7871 | D:6      | Killed Grinder
  7875 | D:6      | Reached XP level 9. HP: 34/79 MP: 9/9
  8142 | D:6      | Reached skill level 5 in Stealth
  8627 | D:6      | Found a burning altar of Makhleb.
  9130 | D:7      | Found a broken altar of Ashenzari.
  9132 | D:7      | Noticed a two-headed ogre
  9143 | D:7      | Killed a two-headed ogre
  9383 | D:7      | Found an iron altar of Okawaru.
  9463 | D:7      | Noticed Joseph
  9481 | D:7      | Killed Joseph
  9875 | D:7      | Reached XP level 10. HP: 73/90 MP: 10/10
 10231 | D:8      | Received a gift from Trog
 10323 | D:8      | Noticed Psyche
 10332 | D:8      | Killed Psyche
 10447 | D:8      | Noticed Prince Ribbit
 10457 | D:8      | Killed Prince Ribbit
 10510 | D:8      | Noticed Harold
 10520 | D:8      | Killed Harold
 11352 | D:9      | Reached skill level 10 in Axes
 11370 | D:9      | Found a staircase to the Lair.
 11390 | D:9      | Noticed a two-headed ogre
 11678 | D:9      | Killed a two-headed ogre
 11679 | D:9      | Reached skill level 10 in Fighting
 12019 | D:9      | Reached XP level 11. HP: 85/99 MP: 11/11
 12256 | Lair:1   | Entered Level 1 of the Lair of Beasts
 13754 | Lair:1   | Reached skill level 1 in Shields
 14052 | Lair:1   | Noticed a seven-headed hydra
 14058 | Lair:1   | Killed a four-headed hydra
 14540 | Lair:2   | HP: 4/153 [poisoned by a black mamba]
 14541 | Lair:2   | Succumbed to a black mamba's poison

Illustrated notes

Levels and vault maps discovered:
D:1:      scummos_arrival_simple_fountains, layout_basic,
          dreamdust_ecumenical_altar_statues, st_stairs_11,
          kennysheep_pointless_box
D:2:      layout_basic, serial_shops, shop_fountains, hangedman_decor_points,
          minmay_quantized, uniq_robin
D:3:      layout_basic, nicolae_dithmenos_shadow_blocks
D:4:      layout_loops_corners, mainiacjoe_overflow_concentric_impassable,
          portal_sewer_entry_b, kennysheep_cluttered_room, grunt_ministairs_1,
          hangedman_decor_growths, solitary_fountain, uniq_crazy_yiuf_cottage,
          uniq_pikel
D:5:      layout_basic, mainiacjoe_overflow_boulevard,
          minmay_temple_entry_waves, serial_shops, shop, shop
D:6:      layout_basic, makhleb_heckhound_becter, serial_shops, shop,
          uniq_grinder
D:7:      layout_rooms, okawaru_gym_becter, lemuel_round_altar,
          grunt_decor_resistance, uniq_joseph
D:8:      layout_gridville, uniq_psyche, uniq_harold, uniq_prince_ribbit1
D:9:      layout_rooms, erik_lair_island
Lair:1:   layout_long_grid, wad_woods_road_04, grunt_megastairs_4,
          serial_bayou_shore_b, serial_bayou_shore_b
Lair:2:   nzn_winding_woodlands_medium [nzn_winding_woodlands_5x5_default,
          nzn_winding_woodlands_5x15_pool,
          nzn_winding_woodlands_5x5_checkerboard,
          nzn_winding_woodlands_5x5_perimeter,
          nzn_winding_woodlands_center_lodge, nzn_winding_woodlands_5x5_default,
          nzn_winding_woodlands_5x5_closed_star,
          nzn_winding_woodlands_5x15_lazy_stream,
          nzn_winding_woodlands_5x5_three], layout_cave_pods, dummy_snake_entry,
          infiniplex_staircase_pool_2

Skill      XL: |  1  2  3  4  5  6  7  8  9 10 11 |
---------------+----------------------------------+-----
Dodging        | 3 4 5 6 7 8 |  8.7
Stealth        | 1 2 3 4 5 6 7 |  7.6
Fighting       | 4 5 6 7 8 10 11 | 11.0
Axes           | 4 5 7 8 10 11 | 11.4
Shields        | 1 |  1.3

Action                   |  1- 3 |  4- 6 |  7- 9 | 10-12 || total
-------------------------+-------+-------+-------+-------++-------
Melee: Hand axe          |   121 |   219 |   418 |     9 ||   767
       Tailslap          |    11 |    16 |    59 |    40 ||   126
       Battleaxe         |       |       |       |   221 ||   221
       War axe           |       |       |       |     8 ||     8
Invok: Berserk           |     1 |     5 |     9 |     7 ||    22
       Trog's Hand       |       |       |     1 |     1 ||     2
  Use: Potion            |     1 |       |       |       ||     1
       Scroll            |       |     3 |     4 |     7 ||    14
 Stab: Sleeping          |     2 |     1 |    19 |     4 ||    26
       Distracted        |       |       |       |     1 ||     1
Armor: Skin              |    72 |    75 |   164 |   111 ||   422
Dodge: Dodged            |    92 |   162 |   301 |   180 ||   735
Block: Other             |       |       |       |    55 ||    55
